 Dungeon Sprint DCSS version 0.24-a0-479-g9a978d2894 (webtiles) character file.

Game seed: 18370772223979895823

4 emperorscorpion the Magician (level 1, -3/16 HPs)
             Began as an Octopode Air Elementalist on July 6, 2019.
             Slain by an ogre
             ... wielding a +0 giant spiked club
              (19 damage)
             ... in the Dungeon (Sprint IX: "|||||||||||||||||||||||||||||").
             The game lasted 00:01:09 (149 turns).

emperorscorpion the Magician (OpAE)                  Turns: 149, Time: 00:01:10

Health: -3/16      AC:  1    Str: 12    XL:     1   Next: 70%
Magic:  5/5        EV: 13    Int: 17    God:
Gold:   0          SH:  0    Dex: 12    Spells: 6/7 levels left

rFire    . . .     SeeInvis .   (no weapon)
rCold    . . .     Gourm    .   (no shield)
rNeg     . . .     Faith    .   (helmet restricted)
rPois    .         Spirit   .   (no amulet)
rElec    .         Reflect  .   (no ring)
rCorr    .         Harm     .   (no ring)
MR       .....     NoTele   +   (no ring)
Stlth    ..........             (no ring)
HPRegen  0.05/turn              (no ring)
MPRegen  0.09/turn              (no ring)
                                (no ring)
                                (no ring)

@: berserking, very quick
A: almost no armour, stealthy swim, amphibious, 8 rings, constrict 8, camouflage
1, gelatinous body 1
a: no special abilities


You were in the Dungeon.
You were not hungry.

You visited 1 branch

Inventory:

Scrolls
 h - a scroll of blinking
Potions
 c - a potion of curing
 d - a potion of heal wounds
 e - a potion of haste
 f - 2 potions of magic
Comestibles
 a - 3 chunks of flesh
 b - a ration


   Skills:
 - Level 2.0 Dodging
 - Level 2.6 Stealth
 + Level 3.6 Spellcasting
 - Level 1.0 Conjurations
 - Level 3.0 Air Magic


You had 6 spell levels left.
You knew the following spells:

 Your Spells              Type           Power        Failure   Level  Hunger
a - Shock                 Conj/Air       #...         8%          1    None

Your spell library contained the following spells:

 Spells                   Type           Power        Failure   Level  Hunger
 Swiftness                Chrm/Air       #.......     14%         2    ##.....
 Static Discharge         Conj/Air       #.......     22%         3    ###....
 Airstrike                Air            ##........   43%         4    ####...
 Lightning Bolt           Conj/Air       #.........   90%         5    ######.


Dungeon Overview and Level Annotations

Branches:
Dungeon (1/1)

Altars:


Innate Abilities, Weirdness & Mutations

You cannot wear most types of armour.
You are very stealthy in the water. (Stealth+)
You are amphibious.
You can wear up to eight rings at the same time.
You can use your tentacles to constrict eight enemies at once.
Your skin changes colour to match your surroundings (Stealth+).
Your rubbery body absorbs attacks. (AC +1, EV +1)


Message History

The ogre shouts!
The jackal barks!
The ball python hisses angrily.
You see here a rat skeleton.
The centaur shouts!
There is an open door to the Dungeon here.
You see here a bat skeleton.
You see here a +0 club.
You see here a bat skeleton.
There is a staircase leading out of the dungeon here.
A red film seems to cover your vision as you go berserk!
You feel yourself moving faster!
You feel mighty!
You tentacle-slap the ogre.
The ogre is moderately wounded.
The ogre barely misses you.
You barely miss the ogre.
The ogre is moderately wounded.
You bludgeon the ogre!
The ogre is severely wounded.
The ogre hits you with a +0 giant spiked club!!
Ouch! That really hurt!
You die... ▓▓▓▓▓▓▓▓▓▓▓▓▓▓▓▓▓▓ +S....'..÷..hcZO@▓ ▓▓▓▓▓▓▓▓▓▓▓▓▓▓▓▓▓▓

You could see an ogre, a centaur, a bat zombie and a jackal.

Vanquished Creatures
  A giant cockroach (D)
  A hobgoblin (D)
  2 bats (D)
  A rat (D)
5 creatures vanquished.

Notes
Turn   | Place    | Note
-------+----------+-------------------------------------------
     0 | D        | emperorscorpion the Octopode Air Elementalist began the
                  | quest for the Orb.
     0 | D        | Reached XP level 1. HP: 11/11 MP: 3/3
   136 | D        | Noticed a centaur
   136 | D        | Noticed an ogre
   149 | D        | Slain by an ogre

Levels and vault maps discovered:
D:        linesprint [early_d, line_temple, items_1, d_10, items_2, lair_1,
          lair_end, items_3, orc_1, orc_end, items_4, d_15, swamp_1, shoals_1,
          snake_1, spider_1, d_20, vaults_1, items_5, swamp_end, shoals_end,
          snake_end, spider_end, vaults_end, d_27, items_6, zot_1, zot_end,
          crypt_end, forest_end, elf_end, slime_end, tomb_end, abyss_end,
          pan_hell_end]

Skill      XL: |  1 |
---------------+----+-----
Spellcasting   | 3 |  3.6
Dodging        | |  2.0
Stealth        | |  2.6
Conjurations   | |  1.0
Air Magic      | |  3.0

Action                   || total
-------------------------++-------
Melee: Unarmed           ||     9
       Constrict         ||     2
       Tentacles         ||     2
 Cast: Shock             ||     3
  Use: Potion            ||     1
Armor: Skin              ||     3
Dodge: Dodged            ||     9

Table legend:
 A = Non-vault XP
 B = Vault XP
 C = Vault XP percentage of total XP
 D = Non-vault monster count
 E = Vault monster count
 F = Vault count percentage of total count
                 A         B        C        D         E       F
            +---------+---------+-------+---------+---------+-------
      Total |       0 |       7 | 100.0 |       0 |       5 | 100.0
            +---------+---------+-------+---------+---------+-------
          D |       0 |       7 | 100.0 |       0 |       5 | 100.0
            +---------+---------+-------+---------+---------+-------
